 Dungeon Crawl Stone Soup version 0.31-a0-977-gc230f8ef24 (webtiles) character file.

Game seed: 13769052934802756492

2 Shayle the Ducker (level 1, 0/12 HPs)
             Began as a Tengu Hexslinger on Oct 29, 2023.
             Slain by a quokka (2 damage)
             ... on level 1 of the Dungeon.
             The game lasted 00:00:19 (97 turns).

Shayle the Ducker (Tengu Hexslinger)                  Turns: 97, Time: 00:00:19

Health: 0/12       AC:  2    Str:  8    XL:     1   Next: 40%
Magic:  3/3        EV: 12    Int: 13    God:
Gold:   8          SH:  0    Dex: 16    Spells: 2/2 levels left

rFire   . . .        a - +1 sling
rCold   . . .        (no shield)
rNeg    . . .        c - +0 robe
rPois   .            (helmet restricted)
rElec   .            (no cloak)
rCorr   .            (no gloves)
SInv    .            (boots unavailable)
Will    .....        (no amulet)
Stlth   +            (no ring)
HPRegen 0.22/turn    (no ring)
MPRegen 0.08/turn

%: acrobat
@: no status effects
A: beak, talons 3, acrobatic
a: no special abilities


You were on level 1 of the Dungeon.
You visited 1 branch of the dungeon, and saw 1 of its levels.

You collected 8 gold pieces.

Inventory:

Hand Weapons
 a - a +1 sling (weapon)
Armour
 c - a +0 robe (worn)
Scrolls
 b - a scroll of poison
 d - a scroll of identify {unknown}


   Skills:
 + Level 1.2 Fighting
 - Level 2.1 Ranged Weapons
 + Level 2.3 Dodging
 - Level 1.0 Spellcasting
 - Level 2.1 Hexes
 - Level 1.1 Fire Magic


You had 2 spell levels left.
You didn't know any spells.
Your spell library contained the following spells:

 Spells                   Type           Power      Damage    Failure   Level
 Jinxbite                 Hex            12%        N/A       17%         2
 Ensorcelled Hibernation  Hex/Ice        6%         N/A       26%         2
 Passwall                 Tmut/Erth      0%         N/A       38%         2
 Sigil of Binding         Hex            6%         N/A       34%         3
 Inner Flame              Hex/Fire       4%         N/A       41%         3
 Swiftness                Air            0%         N/A       63%         3
 Cause Fear               Hex            3%         N/A       75%         4
 Dimensional Bullseye     Hex/Tloc       1%         N/A       87%         4


Dungeon Overview and Level Annotations

Branches:
Dungeon (1/15)

Altars:


Innate Abilities, Weirdness & Mutations

You have a beak for a mouth.
You have claws for feet.
You can magically evade attacks while moving or waiting.


Message History

A quokka is nearby!
You are too injured to fight recklessly!
A quokka is nearby!
You shoot a sling bullet. The sling bullet hits the quokka.
The quokka is almost dead.
The quokka completely misses you.
You shoot a sling bullet.
The sling bullet barely misses the quokka.
The quokka closely misses you. The quokka bites you.
* * * LOW HITPOINT WARNING * * *
You shoot a sling bullet.
The sling bullet barely misses the quokka.
The quokka barely misses you.
You shoot a sling bullet.
The sling bullet closely misses the quokka.
The quokka closely misses you. The quokka misses you.
You shoot a sling bullet.
The sling bullet closely misses the quokka.
The quokka completely misses you.
You shoot a sling bullet.
The sling bullet barely misses the quokka.
The quokka bites you but does no damage.
The quokka completely misses you.
You shoot a sling bullet.
The sling bullet closely misses the quokka.
The quokka bites you but does no damage.
The quokka bites you.
* * * LOW HITPOINT WARNING * * *
You shoot a sling bullet.
The sling bullet closely misses the quokka.
The quokka misses you.
You shoot a sling bullet. The sling bullet hits the quokka.
The quokka is almost dead.
The quokka bites you.
* * * LOW HITPOINT WARNING * * *
The quokka completely misses you.
You shoot a sling bullet.
The sling bullet barely misses the quokka.
The quokka bites you.
You die...

.... .# .... .#
..... .# .....
.# ...... .#
....##.###
#.r....# #@# .#
#.# .# #.# .#
#.# .# #.#
.##########
#.##..........#
#...#########.#
###......####.#
######....#.#


You could see a quokka.

Vanquished Creatures
  An endoplasm (D:1)
  2 frilled lizards (D:1)
3 creatures vanquished.

Notes
Turn   | Place    | Note
-------+----------+-------------------------------------------
     0 | D:1      | Shayle the Tengu Hexslinger began the quest for the Orb.
     0 | D:1      | Reached XP level 1. HP: 12/12 MP: 3/3
    97 | D:1      | Slain by a quokka

Illustrated notes

Levels and vault maps discovered:
D:1:      minmay_arrival_cross, layout_basic,
          hellmonk_ecumenical_altar_slurped_away

Action                     || total
---------------------------++-------
   Fire: Sling             ||    20
 Armour: Robe              ||    10
  Dodge: Dodged            ||    13

Table legend: (Time is in decaauts)
 A = Elapsed time spent in this place.
 B = Non-inter-level travel time spent in this place.
 C = Inter-level travel time spent in this place.
 D = Time resting spent in this place.
 E = Time spent auto-exploring this place.
 F = Levels seen in this place.
 G = Mean time per level.
                   A        B        C        D        E       F      G
               +--------+--------+--------+--------+--------+-----+--------+
         Total |    102 |    102 |      0 |      0 |     69 |   1 |  102.0 |
       Dungeon |    102 |    102 |      0 |      0 |     69 |   1 |  102.0 |
               +--------+--------+--------+--------+--------+-----+--------+

Top non-repeatable levels by time:
     D:1: 102 daAuts
